 Dungeon Crawl Stone Soup version 0.27-a0-1291-geefcff550b (webtiles) character file.

Game seed: 16077217066105189489

12891 night the Transmogrifier (level 11, -2/88 HPs)
             Began as a Demonspawn Ice Elementalist on June 15, 2021.
             Was an Initiate of Gozag.
             Slain by a minotaur (4 damage)
             ... on level 2 of the Lair of Beasts.
             The game lasted 00:38:19 (17398 turns).

night the Transmogrifier (DsIE)                    Turns: 17398, Time: 00:38:19

Health: -2/88      AC: 30    Str:  8    XL:     11   Next: 68%
Magic:  19/25      EV: 16    Int: 20    God:    Gozag
Gold:   1536       SH:  4    Dex: 14    Spells: 17/30 levels left

rFire    + . .     SeeInvis .   D - +1 dagger (elec)
rCold    . . .     Faith    .   (no shield)
rNeg     + . .     Spirit   .   (armour currently unavailable)
rPois    ∞         Reflect  .   C - +0 helmet
rElec    +         Harm     .   (no cloak)
rCorr    .         Rampage  .   (gloves currently unavailable)
Will     .....                  (boots currently unavailable)
Stlth    ++........             (no amulet)
HPRegen  0.24/turn              j - ring of protection from fire
MPRegen  0.19/turn              H - +4 ring of evasion

@: mighty, statue-form, gold aura, hasted
A: slow and powerful, torment resistance 1, boosted hp, talons 2, demonic
guardian 2, icemail 1, (sanguine armour 1), condensation shield
a: End Transformation, Renounce Religion, Potion Petition, Call Merchant, Bribe
Branch


You were on level 2 of the Lair of Beasts.
You worshipped Gozag.
Gozag was most pleased with you.
You were a living statue of rough stone.
You visited 3 branches of the dungeon, and saw 13 of its levels.
You also visited: Ossuary.

You collected 1612 gold pieces.
You paid 76 gold pieces to Gozag.

Inventory:

Hand Weapons
 d - a +0 dagger of flaming
 z - a +1 short sword of electrocution
 D - a +1 dagger of electrocution (weapon)
Missiles
 c - 348 stones
 e - 34 poisoned darts (quivered)
 g - 89 sling bullets
 h - 6 atropa-tipped darts
 l - 11 boomerangs
 B - a throwing net
 O - 6 javelins
Armour
 a - +0 steam dragon scales (melded)
 r - a +2 pair of boots (melded)
 s - a +2 robe of fire resistance
 y - a +0 pair of gloves (melded)
 C - a +0 helmet (worn)
Magical Staves
 i - a staff of poison
Jewellery
 j - a ring of protection from fire (left fist)
 t - a ring of protection from cold
 H - a +4 ring of evasion (right fist)
Wands
 o - a wand of digging (15)
 F - a wand of flame (6)
 G - a wand of paralysis (12)
 J - a wand of mindburst (13)
 N - a wand of iceblast (9)
Scrolls
 k - 3 scrolls of fog
 q - 3 scrolls of enchant armour
 A - 4 scrolls of teleportation
 E - a scroll of silence
 I - 4 scrolls of identify
 M - a scroll of fear
Potions
 b - 2 potions of haste
 f - 2 potions of heal wounds
 m - 2 potions of resistance
 n - a potion of flight
 p - 3 potions of magic
 u - 4 potions of curing
 v - 2 potions of might
 w - a potion of invisibility
 x - 3 potions of lignification
 K - a potion of berserk rage {unknown}
 P - a potion of attraction {unknown}


   Skills:
 - Level 1.7 Dodging
 - Level 1.7 Stealth
 + Level 10.1 Spellcasting
 + Level 10.9 Transmutations
 - Level 5.5 Ice Magic
 - Level 8.0 Earth Magic


You had 17 spell levels left.
You knew the following spells:

 Your Spells              Type           Power      Damage    Failure   Level
a - Freeze                Ice            100%       1d11      1%          1
b - Frozen Ramparts       Ice            64%        1d8       1%          3
c - Ozocubu's Armour      Ice            32%        N/A       1%          3
d - Statue Form           Tmut/Erth      32%        N/A       22%         6

Your spell library contained the following spells:

 Spells                   Type           Power      Damage    Failure   Level
 Petrify                  Tmut/Erth      48%        N/A       1%          4
 Blade Hands              Tmut           26%        N/A       2%          5
 Foxfire                  Conj/Fire      40%        2x1d6     7%          1
 Confusing Touch          Hex            10%        N/A       21%         3
 Conjure Flame            Conj/Fire      10%        6-21      21%         3
 Gell's Gravitas          Tloc           5%         N/A       21%         3
 Inner Flame              Hex/Fire       10%        N/A       21%         3
 Irradiate                Conj/Tmut      16%        3d19      21%         5
 Yara's Violent Unravell  Hex/Tmut       16%        3d8       21%         5
 Hailstorm                Conj/Ice       21%        3d6       22%         4
 Metabolic Englaciation   Hex/Ice        10%        N/A       52%         5
 Dragon Form              Tmut           26%        N/A       54%         7
 Sticky Flame             Conj/Fire      10%        2d3       56%         4
 Fireball                 Conj/Fire      5%         3d5       88%         5
 Storm Form               Tmut/Air       16%        N/A       99%         7


Dungeon Overview and Level Annotations

Branches:
Dungeon (10/15)            Temple (1/1) D:7            Lair (2/6) D:8
    Orc (0/2) D:9         Ossuary (visited)
  Swamp: Lair:2-4    Shoals: Lair:2-4     Snake: Lair:2-4    Spider: Lair:2-4

Altars:
Ashenzari
Cheibriados
Dithmenos
Elyvilon
Fedhas
Gozag
Hepliaklqana
Kikubaaqudgha
Makhleb
Nemelex Xobeh
Okawaru
Qazlal
Ru
Sif Muna
Trog
Uskayaw
Vehumet
Wu Jian
Xom
Yredelemnul
Zin
The Shining One
Lugonu

Shops:
D:4 ?

Annotations:
D:7 3 runed translucent doors, PeterLawrence's ghost, novice MiFi; Sapher's ghost, amateur DDDe; bartek7090's ghost, novice OpGl; rigao's ghost, novice SpBr
Lair:2 fpsbossfight's ghost, journeyman TrFi


Innate Abilities, Weirdness & Mutations

You are a living statue of rough stone.
Your actions are slow, but your melee attacks are powerful.
You are resistant to unholy torment.
Your maximum health is greatly increased.
You are immune to poison.
Your equipment is partially melded.
You have razor-sharp toenails.
A demonic guardian rushes to your aid.
A meltable icy envelope protects you from harm. (AC +4)
((When seriously injured, your bleeding wounds create armour. (AC +0)))
A meltable shield of frost defends you. (SH +4)


Message History

The minotaur is heavily wounded.
Your hellwing barely misses fpsbossfight's ghost.
Your hellwing hits fpsbossfight's ghost!
Fpsbossfight's ghost hits you!!
* * * LOW HITPOINT WARNING * * *
The minotaur is distracted by your dazzling golden aura.
You puncture the minotaur!
The minotaur is no longer distracted by gold.
The minotaur is severely wounded.
Your hellwing barely misses fpsbossfight's ghost.
Your hellwing hits fpsbossfight's ghost.
Fpsbossfight's ghost hits you.
* * * LOW HITPOINT WARNING * * *
The minotaur hits you.
* * * LOW HITPOINT WARNING * * *
The minotaur gores you but does no damage.
You feel much better.
Your hellwing hits fpsbossfight's ghost.
Your hellwing hits fpsbossfight's ghost but does no damage.
Fpsbossfight's ghost hits you! The minotaur hits you.
The minotaur completely misses you.
You puncture fpsbossfight's ghost! You claw fpsbossfight's ghost!
Fpsbossfight's ghost is heavily damaged.
Your hellwing closely misses fpsbossfight's ghost.
Your hellwing hits fpsbossfight's ghost.
Fpsbossfight's ghost hits you!
* * * LOW HITPOINT WARNING * * *
The minotaur hits you!
* * * LOW HITPOINT WARNING * * *
You block the minotaur's attack.
Okay, then.
You feel much better.
Your hellwing hits fpsbossfight's ghost.
Your hellwing barely misses fpsbossfight's ghost.
Fpsbossfight's ghost hits your hellwing!!
The minotaur hits you!!
* * * LOW HITPOINT WARNING * * *
The minotaur gores you.
You die...
Your body crumbles into a pile of gold.

,,,,*,,,,,,********,,,,,*,,,,**,,
....##.......P##.#......*,*,,**,,
....#..................##+,+,**,,
._..(....^...............,,,,,,,,
.........................∩,,,,,,,
.........................,,,,,,,,
.........................,,,,,,,,
....$............W$......,,,,,,,,
................8$4......,,,,,,,,
#.#.#.......#.###H''###..,*,,*,,,
.####.......#.#.......#,***,*,,,,
...*#.......#.#.#..##.#,,*,,,,,,,
#..#..........###...#,#,*,,,,,**,
*...........#.#,#.#.#,*,,,,,,,,*,
...+..........#,#...#,*,,,,,,,**,
#..##.........#*.)[).**,**,,,,,*,
***,*,,,,,,,*,*,,*,*$,*,*****,**,


You could see a minotaur, fpsbossfight's ghost (ally target) and a friendly
hellwing (summoned).

Vanquished Creatures
  Pikel (D:7)
  A black mamba (Lair:1)
  A torpor snail (Lair:2)
  3 cane toads (Lair:1)
  3 komodo dragons
  2 trolls (D:10)
  3 blink frogs (Lair:1)
  Prince Ribbit (D:8)
  A wraith (D:10)
  7 yaks
  A wyvern (D:7)
  2 basilisks (Lair:1)
  Grum (D:8)
  4 vampire mosquitoes (D:7)
  2 steam dragons
  An acid dragon (D:9)
  7 water moccasins
  2 orc warriors
  A hornet zombie (D:7)
  A sky beast (D:6)
  4 black bears
  2 wolves (D:8)
  3 centaurs
  A phantom (D:4)
  Blork the orc (D:4)
  7 bullfrogs
  3 scorpions
  6 water moccasin zombies (Ossuary)
  15 killer bees
  5 howler monkeys
  An electric eel (Lair:1)
  A bullfrog zombie (D:6)
  2 centaur skeletons
  3 centaur zombies
  2 orc priests
  A hound (D:6)
  2 iguanas (D:5)
  5 orc wizards
  2 scorpion zombies (D:5)
  A hound skeleton (D:5)
  2 mummies (Ossuary)
  A howler monkey zombie (D:5)
  3 adders
  4 adder zombies (Ossuary)
  2 worms
  5 dart slugs
  15 orcs
  2 ball pythons
  4 endoplasms
  A giant cockroach (D:4)
  6 goblins
  9 hobgoblins
  7 jackals
  8 kobolds
  8 quokkas
  6 bats
  2 frilled lizards
  6 gnoll zombies (Ossuary)
  2 hobgoblin zombies (Ossuary)
  6 kobold zombies (Ossuary)
  5 orc zombies (Ossuary)
  A quokka zombie (D:3)
  4 rats
221 creatures vanquished.

Vanquished Creatures (collateral kills)
  Harold (D:7)
  A two-headed ogre (D:10)
  Joseph (D:7)
  A rime drake (Lair:1)
  An ice beast (D:6)
  A centaur (D:9)
  A water moccasin zombie (Ossuary)
  A bullfrog zombie (D:5)
  2 adders
  A quokka (D:1)
11 creatures vanquished.

Vanquished Creatures (others)
  11 fungi
  15 plants
26 creatures vanquished.

Grand Total: 258 creatures vanquished

Notes
Turn   | Place    | Note
-------+----------+-------------------------------------------
     0 | D:1      | night the Demonspawn Ice Elementalist began the quest for
                  | the Orb.
     0 | D:1      | Reached XP level 1. HP: 13/13 MP: 3/3
   386 | D:1      | Found a faded altar of an unknown god.
   401 | D:1      | Gained mutation: A weak demonic guardian rushes to your
                  | aid. [demonic ancestry]
   401 | D:1      | Reached XP level 2. HP: 14/19 MP: 1/5
  1380 | D:2      | Reached XP level 3. HP: 23/24 MP: 5/7
  1384 | D:2      | Learned a level 3 spell: Frozen Ramparts
  1388 | D:2      | Learned a level 3 spell: Ozocubu's Armour
  2276 | D:2      | Reached XP level 4. HP: 29/30 MP: 6/8
  3056 | D:3      | Found a broken altar of Ashenzari.
  3578 | D:3      | Found a snail-covered altar of Cheibriados.
  3976 | D:4      | Found a sacrificial altar of Ru.
  4364 | D:4      | Noticed a black bear
  4375 | D:4      | Killed a black bear
  4376 | D:4      | Reached skill level 5 in Ice Magic
  4376 | D:4      | Reached XP level 5. HP: 18/35 MP: 1/11
  4861 | D:4      | Found Oppemen's Magic Scroll Shoppe.
  5134 | D:4      | Noticed Blork the orc
  5145 | D:4      | Killed Blork the orc
  5146 | D:4      | Gained mutation: You have sharp toenails. [demonic
                  | ancestry]
  5146 | D:4      | Reached XP level 6. HP: 17/41 MP: 4/12
  6548 | D:5      | Entered Level 5 of the Dungeon
  6559 | D:5      | Found a sand-covered staircase.
  6565 | Ossuary  | Entered an ossuary
  6860 | Ossuary  | Reached skill level 1 in Transmutations
  6878 | Ossuary  | Reached skill level 1 in Earth Magic
  6890 | Ossuary  | Gained mutation: A meltable shield of frost defends you.
                  | (SH +4) [demonic ancestry]
  6890 | Ossuary  | Reached XP level 7. HP: 18/46 MP: 14/14
  6896 | Ossuary  | HP: 5/46 [water moccasin zombie (2)]
  6914 | Ossuary  | Reached skill level 2 in Transmutations
  7265 | Ossuary  | Reached skill level 5 in Spellcasting
  7281 | Ossuary  | Reached skill level 2 in Earth Magic
  7835 | D:5      | Noticed a steam dragon
  7869 | D:5      | Killed a steam dragon
  7879 | D:5      | HP: 4/46 [scorpion zombie (5)]
  8313 | D:5      | Found an opulent altar of Gozag.
  8401 | D:5      | Became a worshipper of Gozag Ym Sagoz the Greedy
  8649 | D:5      | Gained mutation: When seriously injured, your bleeding
                  | wounds create armour. (AC +0) [demonic ancestry]
  8649 | D:5      | Reached XP level 8. HP: 47/52 MP: 11/16
  9641 | D:6      | Reached skill level 5 in Transmutations
  9911 | D:6      | Found a hazy altar of Hepliaklqana.
 10039 | D:6      | Found a sparkling altar of Nemelex Xobeh.
 11116 | D:7      | Gained mutation: A demonic guardian rushes to your aid.
                  | [demonic ancestry]
 11116 | D:7      | Reached XP level 9. HP: 33/57 MP: 11/18
 11250 | D:7      | Found a runed translucent gate.
 11250 | D:7      | Found a runed translucent gate.
 11274 | D:7      | Found a runed translucent gate.
 11329 | D:7      | Noticed Pikel
 11349 | D:7      | Killed Pikel
 11504 | D:7      | Noticed Joseph
 11513 | D:7      | Killed Joseph
 11716 | D:7      | Reached skill level 5 in Earth Magic
 11776 | D:7      | Found a hide-covered altar of Uskayaw.
 11965 | D:7      | Found a staircase to the Ecumenical Temple.
 11971 | Temple   | Entered the Ecumenical Temple
 12127 | D:7      | Noticed bartek7090's ghost (novice OpGl)
 12129 | D:7      | Noticed PeterLawrence's ghost (novice MiFi)
 12131 | D:7      | Noticed Sapher's ghost (amateur DDDe)
 12132 | D:7      | Noticed rigao's ghost (novice SpBr)
 12142 | D:7      | Found a blossoming altar of Fedhas.
 12238 | D:7      | Noticed Harold
 12263 | D:7      | Killed Harold
 12264 | D:7      | Gained mutation: A meltable icy envelope protects you from
                  | harm. (AC +4) [demonic ancestry]
 12264 | D:7      | Reached XP level 10. HP: 38/63 MP: 15/21
 12803 | D:8      | Noticed Prince Ribbit
 13082 | D:8      | Found a staircase to the Lair.
 13309 | D:8      | Noticed Grum
 13328 | D:8      | Killed Grum
 13450 | D:8      | Found a stormy altar of Qazlal.
 13482 | D:8      | Killed Prince Ribbit
 13626 | D:9      | Found a staircase to the Orcish Mines.
 13987 | D:9      | Found a shimmering blue altar of Sif Muna.
 14457 | D:10     | Entered Level 10 of the Dungeon
 14492 | D:10     | Learned a level 6 spell: Statue Form
 14510 | D:10     | Noticed a two-headed ogre
 14521 | D:10     | Killed a two-headed ogre
 14620 | D:10     | HP: 7/63 [disintegration (27)]
 15154 | D:10     | Gained mutation: You have razor-sharp toenails. [demonic
                  | ancestry]
 15154 | D:10     | Reached XP level 11. HP: 68/68 MP: 23/23
 15214 | D:10     | Reached skill level 10 in Transmutations
 15472 | D:10     | Found an iron altar of Okawaru.
 15554 | D:10     | Found an ornate altar of the Wu Jian Council.
 15737 | Lair:1   | Entered Level 1 of the Lair of Beasts
 17350 | Lair:2   | Found a shimmering altar of Xom.
 17365 | Lair:2   | Reached skill level 10 in Spellcasting
 17370 | Lair:2   | Found a runed translucent gate.
 17371 | Lair:2   | Found a runed translucent gate.
 17372 | Lair:2   | Found a runed translucent gate.
 17377 | Lair:2   | Noticed a minotaur
 17377 | Lair:2   | Noticed fpsbossfight's ghost (journeyman TrFi)
 17388 | Lair:2   | HP: 13/88 [fpsbossfight's ghost (24)]
 17397 | Lair:2   | HP: 4/88 [minotaur (13)]
 17398 | Lair:2   | Slain by a minotaur

Illustrated notes

Levels and vault maps discovered:
D:1:      dpeg_arrival_fog, layout_basic, serial_aquarium,
          aquarium_bridge_straight [aquarium_subvault_bridge,
          aquarium_subvault_wall, aquarium_subvault_bridge,
          aquarium_subvault_wall], aquarium_window_1, aquarium_window_fake,
          aquarium_window_1, aquarium_window_3, aquarium_view_2f,
          aquarium_balcony_5a, shapermc_ecumenical_altar_venn
D:2:      layout_loops_corners
D:3:      wad_woods_stonehenge, layout_basic, lemuel_crystal_altar
D:4:      layout_layer_cave, kennysheep_mini, lemuel_tele_altar, serial_shops,
          nicolae_shop_trees, uniq_blork_the_orc
D:5:      layout_basic, grunt_temple_overflow_gold_and_silver,
          nicolae_ossuary_entry_plus, serial_park_tiny_1
D:6:      layout_loops_corners, marbit_many_paths, general_overflow_altar,
          kennysheep_generic_room_13
D:7:      layout_loops_cross, kennysheep_little_box, old_standard_altar,
          minmay_temple_entry_hall, gammafunk_ghost_cemetery, minmay_liquid_box,
          uniq_harold, uniq_joseph, uniq_pikel
D:8:      layout_rooms, nicolae_qazlal_eye_of_the_storm,
          grunt_lair_entry_orc_guard_hut, lemuel_flamethrower_1,
          uniq_prince_ribbit1, uniq_grum
D:9:      layout_loops_cross, lemuel_round_altar
D:10:     layout_rooms, nicolae_wu_jian_wuxing_cycle, kennysheep_mini_moat,
          nicolae_overflow_crystal_walls
Temple:   corrupted_temple
Lair:1:   layout_regular_city, serial_bayou_shore_a, grunt_megastairs_2,
          lemuel_fruit_fields
Lair:2:   layout_regular_city, gauntlet_entry_generic, basic_altar,
          maelrawn_ghost_gauntlet_escape, lemuel_old_faithful

Skill      XL: |  1  2  3  4  5  6  7  8  9 10 11 |
---------------+----------------------------------+-----
Ice Magic      | 4 5 |  5.5
Spellcasting   | 3 4 5 6 7 8 10 | 10.1
Transmutations | 1 4 6 8 9 10 | 10.9
Earth Magic    | 1 2 4 5 7 8 |  8.0
Dodging        | |  1.7
Stealth        | |  1.7

Action                   |  1- 3 |  4- 6 |  7- 9 | 10-12 || total
-------------------------+-------+-------+-------+-------++-------
Melee: Unarmed           |     3 |       |       |       ||     3
       Dagger            |    16 |   185 |   246 |   164 ||   611
       Kick              |       |    35 |    48 |     7 ||    90
       Short sword       |       |       |    81 |       ||    81
Throw: Dart              |       |       |       |    15 ||    15
 Cast: Freeze            |    42 |    32 |     7 |    59 ||   140
       Frozen Ramparts   |     4 |    14 |    23 |    42 ||    83
       Ozocubu's Armour  |     1 |     8 |    15 |    13 ||    37
       Statue Form       |       |       |       |     2 ||     2
Evoke: Wand              |       |     5 |    10 |       ||    15
  Use: Scroll            |     2 |     5 |    10 |     2 ||    19
       Potion            |       |       |     4 |     6 ||    10
 Stab: Sleeping          |     1 |     2 |     3 |     3 ||     9
Armor: Robe              |     6 |    46 |    28 |       ||    80
       Steam dragon scal |       |       |    91 |   123 ||   214
       Skin              |       |       |     4 |    27 ||    31
Dodge: Dodged            |    20 |   128 |   160 |   205 ||   513
Block: Other             |       |       |    50 |    42 ||    92

Table legend: (Time is in decaauts)
 A = Elapsed time spent in this place.
 B = Non-inter-level travel time spent in this place.
 C = Inter-level travel time spent in this place.
 D = Time resting spent in this place.
 E = Time spent auto-exploring this place.
 F = Levels seen in this place.
 G = Mean time per level.
                   A        B        C        D        E       F      G
               +--------+--------+--------+--------+--------+-----+--------+
         Total |  17441 |  17086 |    355 |   3352 |  11111 |  14 | 1245.8 |
       Dungeon |  14451 |  14112 |    339 |   2482 |   9646 |  10 | 1445.1 |
        Temple |     43 |     31 |     12 |      0 |     31 |   1 |   43.0 |
          Lair |   1712 |   1708 |      4 |     64 |   1342 |   2 |  856.0 |
       Ossuary |   1233 |   1233 |      0 |    806 |     92 |   1 | 1233.0 |
               +--------+--------+--------+--------+--------+-----+--------+

Top non-repeatable levels by time:
     D:4: 2570 daAuts
     D:6: 2160 daAuts
  Lair:1: 1644 daAuts
     D:7: 1627 daAuts
     D:1: 1373 daAuts
     D:2: 1371 daAuts
     D:9: 1283 daAuts
 Ossuary: 1233 daAuts
     D:3: 1229 daAuts
     D:5: 1156 daAuts
    D:10: 872 daAuts
     D:8: 805 daAuts
  Lair:2: 68 daAuts
  Temple: 43 daAuts
